 Dungeon Crawl Stone Soup version 0.20.0-4-g10b340a (webtiles) character file.

121 skittles the Firebug (level 4, -5/36 HPs)
             Began as a Draconian Fire Elementalist on May 27, 2017.
             Slain by Sigmund
             ... wielding a +0 scythe
              (16 damage)
             ... on level 3 of the Dungeon.
             The game lasted 00:07:17 (2611 turns).

skittles the Firebug (Draconian Fire Elementalist)  Turns: 2611, Time: 00:07:17

Health: -5/36      AC:  5    Str: 10    XL:     4   Next: 77%
Magic:  6/7        EV: 12    Int: 17    God:
Gold:   234        SH:  5    Dex: 11    Spells: 3/7 levels left

rFire    . . .     SeeInvis .   y - +2 hand axe (venom)
rCold    . . .     Gourm    .   x - +2 buckler
rNeg     . . .     Faith    .   (armour unavailable)
rPois    .         Spirit   .   (helmet restricted)
rElec    .         Reflect  .   (no cloak)
rCorr    .         Harm     .   (no gloves)
MR       .....                  (no boots)
Stlth    ++........             (no amulet)
Regen    0.2/turn               (no ring)
MPRegen  0.1/turn               (no ring)

@: no status effects
A: unfitting armour, cold-blooded, AC +5
a: no special abilities


You were on level 3 of the Dungeon.
You were not hungry.

You visited 1 branch of the dungeon, and saw 3 of its levels.

You collected 234 gold pieces.

Inventory:

Hand Weapons
 t - a +0 trident
 y - a +2 hand axe of venom (weapon)
Armour
 x - a +2 buckler (worn)
Scrolls
 c - 2 scrolls of recharging {unknown}
 d - a scroll of random uselessness {unknown}
 e - 2 scrolls of remove curse {unknown}
 g - a scroll of noise {unknown}
 h - 3 scrolls of amnesia {unknown}
 i - a scroll of enchant armour {unknown}
 j - a scroll of fog {unknown}
 m - a scroll of immolation {unknown}
 n - 2 scrolls of identify {unknown}
 r - a scroll of magic mapping {unknown}
 w - a scroll of teleportation {unknown}
Potions
 k - a potion of magic
 l - a potion of heal wounds {unknown}
 o - a potion of cancellation {unknown}
 p - a potion of berserk rage {unknown}
 q - a potion of might {unknown}
 s - a potion of curing
Books
 a - a book of Flames

   Spells                             Type                      Level
   a - Flame Tongue                   Conjuration/Fire             1
   b - Throw Flame                    Conjuration/Fire             2
   c - Conjure Flame                  Conjuration/Fire             3
   d - Inner Flame                    Hexes/Fire                   3
   e - Sticky Flame                   Conjuration/Fire             4
   f - Fireball                       Conjuration/Fire             5
Comestibles
 b - 3 bread rations
 v - 3 chunks of flesh


   Skills:
 + Level 2.1 Fighting
 + Level 2.9 Dodging
 - Level 1.7 Stealth
 + Level 0.4 Shields
 - Level 2.0 Spellcasting
 + Level 2.2 Conjurations
 + Level 3.6 Fire Magic


You had 3 spell levels left.
You knew the following spells:

 Your Spells              Type           Power        Failure   Level  Hunger
a - Flame Tongue          Conj/Fire      ##...        9%          1    #......
b - Conjure Flame         Conj/Fire      ##......     26%         3    ###....


Dungeon Overview and Level Annotations

Branches:
Dungeon (3/15)

Altars:
Elyvilon

Annotations:
D:3 Sigmund


Innate Abilities, Weirdness & Mutations

Your plain brown scales are hard. (AC +5)
You cannot fit into any form of body armour.
You are cold-blooded and may be slowed by cold attacks.


Message History

* * * LOW HITPOINT WARNING * * *
It was a potion of magic.
Magic courses through your body. You block Sigmund's attack.
Okay, then.
Casting: Flame Tongue
Confirm with . or Enter, or press ? or * to list all spells.
Aiming: Flame Tongue
Press: ? - help, Shift-Dir - straight line, f/p - Sigmund
Aim: Sigmund, wielding a scythe and wearing a robe (heavily wounded, poisoned)
Okay, then.
It was a potion of curing.
You feel better.
Casting: Flame Tongue
Confirm with . or Enter, or press ? or * to list all spells.
Aiming: Flame Tongue
Press: ? - help, Shift-Dir - straight line, f/p - Sigmund
Aim: Sigmund, wielding a scythe and wearing a robe (heavily wounded, poisoned)
The flame tongue hits Sigmund.
Sigmund is severely wounded.
Sigmund hits you from afar with a scythe!
You die...

####.##.#.#......#
#.##.#
#......)#.<....÷.#
#.#...
#.#.....#........#
#.#...
#.####.####......#
#.#... #......#
#......###.##'#
#####..#
#......<##.##.#
#####..#
#......###.##.#
#......####.........
#..
#.$.....@†@#.####.##
#.. #.....####.#@#
.# #.. #.....#
##.#.####. #..
#.....# #.........
#..
#.....###....#....
#.( #............#
.. #..
#.............# #..
#.............# #..
###...........# #..


You could see Sigmund.

Vanquished Creatures
  Terence (D:3)
  A hound skeleton (D:3)
  3 adders (D:3)
  2 worms
  A dart slug (D:1)
  A leopard gecko (D:3)
  2 orcs
  5 bats
  2 giant cockroaches
  2 goblins (D:1)
  5 hobgoblins
  5 kobolds
  4 quokkas
  A ball python (D:1)
  6 frilled lizards
  7 rats
48 creatures vanquished.

Notes
Turn   | Place    | Note
-------+----------+-------------------------------------------
     0 | D:1      | skittles the Draconian Fire Elementalist began the quest for the Orb.
     0 | D:1      | Reached XP level 1. HP: 14/14 MP: 3/3
   452 | D:1      | Reached XP level 2. HP: 20/20 MP: 5/5
   602 | D:1      | Reached skill level 1 in Fighting
  1114 | D:2      | Reached XP level 3. HP: 27/28 MP: 6/6
  1725 | D:3      | Found a white marble altar of Elyvilon.
  2169 | D:3      | Reached XP level 4. HP: 25/36 MP: 4/7
  2374 | D:3      | Noticed Terence
  2380 | D:3      | Learned a level 3 spell: Conjure Flame
  2383 | D:3      | Noticed Sigmund
  2406 | D:3      | Killed Terence
  2611 | D:3      | Slain by Sigmund

Skill      XL: |  1  2  3  4 |
---------------+-------------+-----
Dodging        | 2 |  2.9
Fighting       | 1 2 |  2.1
Conjurations   | 2 |  2.2
Stealth        | |  1.7
Shields        | |  0.4
Spellcasting   | |  2.0
Fire Magic     | |  3.6

Action                   |  1- 3 |  4- 6 || total
-------------------------+-------+-------++-------
Melee: Unarmed           |    10 |       ||    10
       Dagger            |   110 |       ||   110
       Tailslap          |    18 |       ||    18
       Short sword       |     9 |     7 ||    16
       Trident           |     6 |     9 ||    15
       Hand axe          |       |     2 ||     2
 Cast: Flame Tongue      |    24 |    13 ||    37
       Conjure Flame     |       |     2 ||     2
  Use: Potion            |       |     2 ||     2
 Stab: Sleeping          |     7 |       ||     7
  Eat: Chunk             |     4 |     2 ||     6
Armor: Skin              |    30 |     7 ||    37
Dodge: Dodged            |    79 |    14 ||    93
Block: Buckler           |       |     3 ||     3
